 Dungeon Crawl Stone Soup version 0.31-a0-851-g7ff8af7976 (webtiles) character file.

Game seed: 9935870679892145536

178 DocEon the Magician (level 5, -1/28 HPs)
             Began as a Deep Elf Conjurer on Oct 6, 2023.
             Killed from afar by an orc wizard (5 damage)
             ... with a magic dart
             ... on level 3 of the Dungeon.
             The game lasted 00:02:39 (2356 turns).

DocEon the Magician (Deep Elf Conjurer)             Turns: 2356, Time: 00:02:40

Health: -1/28      AC:  2    Str:  4    XL:     5   Next: 32%
Magic:  9/15       EV: 12    Int: 25    God:
Gold:   140        SH:  0    Dex: 13    Spells: 5/16 levels left

rFire   . . .        j - staff of air
rCold   . . .        (no shield)
rNeg    . . .        a - +0 robe
rPois   .            (no helmet)
rElec   +            (no cloak)
rCorr   .            (no gloves)
SInv    .            (no boots)
Will    .....        h - amulet of magic regeneration
Stlth   ++           (no ring)
HPRegen 0.24/turn    (no ring)
MPRegen 0.54/turn

%: no passive effects
@: no status effects
A: no striking features
a: no special abilities


You were on level 3 of the Dungeon.
You visited 1 branch of the dungeon, and saw 3 of its levels.

You collected 140 gold pieces.

Inventory:

Hand Weapons
 g - a +1 dagger of speed
Armour
 a - a +0 robe (worn)
Magical Staves
 j - a staff of air (weapon)
Jewellery
 h - an amulet of magic regeneration (around neck)
Scrolls
 d - 2 scrolls of identify {unknown}
 f - a scroll of fog {unknown}
 m - a scroll of fear {unknown}
 n - a scroll of revelation {unknown}
 o - a scroll of enchant weapon {unknown}
Potions
 b - a potion of magic
 c - a potion of enlightenment {unknown}
 e - 2 potions of berserk rage {unknown}
 i - a potion of haste {unknown}
 k - a potion of mutation {unknown}
 l - a potion of lignification {unknown}


   Skills:
 - Level 2.4 Dodging
 - Level 2.4 Stealth
 * Level 6.4 Spellcasting
 + Level 5.5 Conjurations


You had 5 spell levels left.
You knew the following spells:

 Your Spells              Type           Power      Damage    Failure   Level
a - Magic Dart            Conj           100%       1d8       1%          1
b - Searing Ray           Conj           70%        2d7       1%          2
c - Fulminant Prism       Conj/Hex       10%        3d9       22%         4
d - Iskenderun's Mystic   Conj/Tloc      21%        2d6       22%         4

Your spell library contained the following spells:

 Spells                   Type           Power      Damage    Failure   Level
 Dazzling Flash           Conj/Hex       42%        N/A       7%          3


Dungeon Overview and Level Annotations

Branches:
Dungeon (3/15)

Altars:


Message History

Something hits you.
You hear some strange, mumbled words.
A puff of flame appears from out of thin air!
The puff of flame hits you!
Casting: Magic Dart (safe; 1% risk of failure)
Confirm with . or Enter, or press ? or * to list all spells.
Aiming: Searing Ray (safe; 1% risk of failure)
Press: ? - help, Shift-Dir - straight line, f - orc
Aim: an orc, wielding a +0 war axe (81% to hit)
The searing ray hits something but does no damage.
The searing ray hits the orc!
You kill the orc! (Press . to maintain the ray.)
The searing ray hits something!
An orc comes into view. It is wielding a +0 hand axe.
Something barely misses you.
The searing ray hits something.
The orc shouts!
Something hits you.
The searing ray hits something.
You finish channelling your searing ray.
Something hits you.
* * * LOW HITPOINT WARNING * * *
Casting: Searing Ray (safe; 1% risk of failure)
Confirm with . or Enter, or press ? or * to list all spells.
Aiming: Searing Ray (safe; 1% risk of failure)
Press: ? - help, Shift-Dir - straight line, f - orc
Aim: an orc, wielding a +0 hand axe and wearing a +0 ring mail (83% to hit)
The searing ray hits the orc.
The orc is severely wounded. (Press . to maintain the ray.)
Something hits you but does no damage.
The searing ray hits the orc!
You kill the orc!
Something hits you.
* * * LOW HITPOINT WARNING * * *
A quokka comes into view.
A magic dart appears from out of thin air!
The magic dart hits you.
You die...

..#...####..##....# .#
#...###........#### .#
....###...#..#### .#
....(...........#####..
.##...#.####.........
#####...## ###.....#
#........# #.......#####..
.......#.###.###......r#.#
..######.....##.@...##.r.#
................##{.)..#
#########......###.##..#
#...####..##.#...#.#
#..#######.##)#...†.# ...#
##.....#.)...# ###
#..........).#
#............)....
#.................


You could see a quokka (wandering).

Vanquished Creatures
  An orc priest (D:3)
  An adder (D:2)
  4 gnolls
  2 worms (D:2)
  3 dart slugs
  7 orcs (D:3)
  7 ball pythons
  6 endoplasms
  3 giant cockroaches
  6 hobgoblins
  9 jackals
  7 kobolds
  A quokka (D:2)
  8 bats
  3 frilled lizards
  5 goblins
  6 rats
79 creatures vanquished.

Notes
Turn   | Place    | Note
-------+----------+-------------------------------------------
     0 | D:1      | DocEon the Deep Elf Conjurer began the quest for the Orb.
     0 | D:1      | Reached XP level 1. HP: 10/10 MP: 6/6
   108 | D:1      | Reached XP level 2. HP: 13/15 MP: 0/8
   203 | D:1      | Reached skill level 4 in Spellcasting
   488 | D:1      | Reached XP level 3. HP: 19/19 MP: 7/10
   900 | D:1      | Found a faded altar of an unknown god.
  1262 | D:2      | Learned a level 2 spell: Searing Ray
  1356 | D:2      | Reached skill level 5 in Spellcasting
  1356 | D:2      | Reached skill level 5 in Conjurations
  1416 | D:2      | Reached XP level 4. HP: 24/24 MP: 11/13
  2026 | D:2      | Learned a level 4 spell: Fulminant Prism
  2031 | D:2      | Learned a level 4 spell: Iskenderun's Mystic Blast
  2273 | D:3      | Reached skill level 6 in Spellcasting
  2279 | D:3      | Reached XP level 5. HP: 24/28 MP: 8/15
  2356 | D:3      | Killed from afar by an orc wizard

Illustrated notes

Levels and vault maps discovered:
D:1:      mrwooster_arrival_statue_3, layout_basic,
          ebering_ecumenical_altar_hall
D:2:      layout_basic, minmay_distorted
D:3:      layout_rooms, nicolae_concentric_dashed_squares_mild

Skill      XL: |  1  2  3  4 |
---------------+-------------+-----
Spellcasting   | 4 5 6 |  6.4
Conjurations   | 5 |  5.5
Dodging        | |  2.4
Stealth        | |  2.4

Action                     |  1- 3 |  4- 6 || total
---------------------------+-------+-------++-------
   Cast: Magic Dart        |    78 |    84 ||   162
         Searing Ray       |       |     3 ||     3
 Armour: Robe              |    14 |    21 ||    35
  Dodge: Dodged            |    10 |    20 ||    30

Table legend: (Time is in decaauts)
 A = Elapsed time spent in this place.
 B = Non-inter-level travel time spent in this place.
 C = Inter-level travel time spent in this place.
 D = Time resting spent in this place.
 E = Time spent auto-exploring this place.
 F = Levels seen in this place.
 G = Mean time per level.
                   A        B        C        D        E       F      G
               +--------+--------+--------+--------+--------+-----+--------+
         Total |   2355 |   2282 |     73 |    275 |   1649 |   3 |  785.0 |
       Dungeon |   2355 |   2282 |     73 |    275 |   1649 |   3 |  785.0 |
               +--------+--------+--------+--------+--------+-----+--------+

Top non-repeatable levels by time:
     D:1: 1109 daAuts
     D:2: 916 daAuts
     D:3: 329 daAuts
